 Dungeon Crawl Stone Soup version 0.30-a0-782-ge64f9170bb (webtiles) character file.

Game seed: 11859989231743508085

91 Barriton the Firebug (level 4, -2/33 HPs)
             Began as a Draconian Fire Elementalist on Mar 7, 2023.
             Slain by an orc
             ... wielding a +0 short sword
              (4 damage)
             ... on level 3 of the Dungeon.
             The game lasted 00:04:17 (2417 turns).

Barriton the Firebug (Draconian Fire Elementalist)  Turns: 2417, Time: 00:04:18

Health: -2/33      AC:  5    Str: 10    XL:     4   Next: 33%
Magic:  1/8        EV: 12    Int: 17    God:
Gold:   160        SH:  0    Dex: 12    Spells: 5/8 levels left

rFire   . . .      SeeInvis .    f - staff of earth
rCold   . . .      Faith    .    (no shield)
rNeg    . . .      Spirit   .    (body armour unavailable)
rPois   .          Reflect  .    (helmet restricted)
rElec   .          Harm     .    (no cloak)
rCorr   .          Rampage  .    (no gloves)
Will    +....                    (no boots)
Stlth   ++                       (no amulet)
HPRegen 0.25/turn                g - ring of willpower
MPRegen 0.11/turn                (no ring)

@: no status effects
A: AC +5, unfitting armour, cold-blooded
a: no special abilities


You were on level 3 of the Dungeon.
You visited 1 branch of the dungeon, and saw 3 of its levels.

You collected 160 gold pieces.

Inventory:

Hand Weapons
 m - a +4 spear
Magical Staves
 f - a staff of earth (weapon)
Jewellery
 g - a ring of willpower (left hand)
Scrolls
 b - a scroll of magic mapping
 d - a scroll of enchant armour
 e - a scroll of poison
 h - a scroll of enchant weapon
 o - a scroll of noise
Potions
 c - 2 potions of resistance
 i - a potion of invisibility {unknown}
 j - a potion of might {unknown}
 k - 2 potions of lignification {unknown}
 l - a potion of degeneration {unknown}


   Skills:
 + Level 0.1 Staves
 + Level 1.9 Dodging
 + Level 2.2 Stealth
 + Level 2.8 Spellcasting
 + Level 2.0 Conjurations
 + Level 3.8 Fire Magic


You had 5 spell levels left.
You knew the following spells:

 Your Spells              Type           Power      Damage    Failure   Level
a - Foxfire               Conj/Fire      48%        2x1d6     5%          1
b - Scorch                Fire           30%        2d7       5%          2

Your spell library contained the following spells:

 Spells                   Type           Power      Damage    Failure   Level
 Summon Small Mammal      Summ           8%         N/A       19%         1
 Inner Flame              Hex/Fire       9%         N/A       24%         3
 Kindle Blastsparks       Fire/Tloc/Air  12%        2d11      30%         3
 Flame Wave               Conj/Fire      12%        2d6       45%         4
 Call Canine Familiar     Summ           2%         N/A       47%         3
 Summon Guardian Golem    Hex/Summ       2%         N/A       47%         3


Dungeon Overview and Level Annotations

Branches:
Dungeon (3/15)

Altars:


Innate Abilities, Weirdness & Mutations

Your plain brown scales are hard. (AC +5)
You cannot fit into any form of body armour.
You are cold-blooded and may be slowed by cold attacks.


Message History

You have reached level 4!
You feel agile.
Casting: Scorch (safe; 5% risk of failure)
Confirm with . or Enter, or press ? or * to list all spells.
You don't have enough magic to cast this spell.
The orc attacks as you move away! The orc hits you but does no damage.
The orc attacks as you move away! The orc closely misses you.
The orc attacks as you move away! The orc hits you but does no damage.
The orc attacks as you move away! The orc barely misses you.
Casting: Scorch (safe; 5% risk of failure)
Confirm with . or Enter, or press ? or * to list all spells.
You don't have enough magic to cast this spell.
The orc attacks as you move away! The orc barely misses you.
Okay, then.
Casting: Scorch (safe; 5% risk of failure)
Confirm with . or Enter, or press ? or * to list all spells.
You conjure some foxfire!
The orc closely misses you.
You closely miss the orc.
The orc is moderately wounded.
The foxfire hits the orc.
The orc is almost dead.
The foxfire hits the orc.
You kill the orc!
The orc hits you with a +0 short sword.
* * * LOW HITPOINT WARNING * * *
You barely miss the orc.
The orc is moderately wounded.
The orc closely misses you.
You closely miss the orc.
The orc is lightly wounded.
The orc hits you with a +0 short sword.
* * * LOW HITPOINT WARNING * * *
You closely miss the orc.
The orc is lightly wounded.
The orc hits you with a +0 short sword.
* * * LOW HITPOINT WARNING * * *
You hit the orc.
The orc is moderately wounded.
The orc closely misses you. The orc hits you with a +0 short sword.
You die...

#.#######.# #.# #.#
#.#######.##########
#.#.................
#.#.#####.##########
###................#
#.....#####.....##.#
###############.######.....##.#
.....)).......)o@........>.##.#
############.##.######.....##.###
....########............#.##.....
..#.....................#.##.....
..#.........#...........#.##.....
..#.....................#.##.....
..#.........#........†.......)...
..#.........#....................
..#.........#...............#....


You could see an orc.

Vanquished Creatures
  An orc priest (D:3)
  An adder (D:2)
  2 dart slugs (D:2)
  3 orcs (D:3)
  5 bats
  2 endoplasms
  5 goblins
  3 hobgoblins
  3 jackals (D:2)
  3 quokkas
  3 ball pythons
  3 frilled lizards
  4 kobolds
  7 rats
45 creatures vanquished.

Vanquished Creatures (others)
  136 foxfires
136 creatures vanquished.

Grand Total: 181 creatures vanquished

Notes
Turn   | Place    | Note
-------+----------+-------------------------------------------
     0 | D:1      | Barriton the Draconian Fire Elementalist began the quest
                  | for the Orb.
     0 | D:1      | Reached XP level 1. HP: 14/14 MP: 3/3
   153 | D:1      | Found a faded altar of an unknown god.
   446 | D:1      | Reached XP level 2. HP: 20/20 MP: 0/5
   519 | D:1      | Learned a level 2 spell: Scorch
   586 | D:1      | You fall into a shaft and drop 1 floor!
   968 | D:2      | Reached XP level 3. HP: 26/26 MP: 1/6
  2404 | D:3      | Reached XP level 4. HP: 7/33 MP: 0/8
  2417 | D:3      | Slain by an orc

Illustrated notes

Levels and vault maps discovered:
D:1:      tarquinn_simple_flora_water_e, layout_basic,
          hellmonk_ecumenical_altar_run_dry, serial_glass, glass_columns_a,
          glass_columns_b
D:2:      cheibrodos_helix_gallery, layout_basic
D:3:      cheibrodos_pilgrimage, layout_basic, minmay_misc_feat_tiny

Skill      XL: |  1  2  3 |
---------------+----------+-----
Stealth        | 2 |  2.2
Conjurations   | 2 |  2.0
Staves         | |  0.1
Dodging        | |  1.9
Spellcasting   | |  2.8
Fire Magic     | |  3.8

Action                     |  1- 3 |  4- 6 || total
---------------------------+-------+-------++-------
  Melee: Spear             |     5 |       ||     5
         Staff             |    24 |     5 ||    29
         Tailslap          |     4 |       ||     4
   Cast: Foxfire           |    88 |     1 ||    89
         Scorch            |     5 |       ||     5
    Use: Scroll            |     9 |       ||     9
         Potion            |     1 |       ||     1
   Stab: Sleeping          |     1 |       ||     1
 Armour: Skin              |    19 |     2 ||    21
  Dodge: Dodged            |    30 |     6 ||    36

Table legend: (Time is in decaauts)
 A = Elapsed time spent in this place.
 B = Non-inter-level travel time spent in this place.
 C = Inter-level travel time spent in this place.
 D = Time resting spent in this place.
 E = Time spent auto-exploring this place.
 F = Levels seen in this place.
 G = Mean time per level.
                   A        B        C        D        E       F      G
               +--------+--------+--------+--------+--------+-----+--------+
         Total |   2421 |   2347 |     74 |      0 |   1954 |   3 |  807.0 |
       Dungeon |   2421 |   2347 |     74 |      0 |   1954 |   3 |  807.0 |
               +--------+--------+--------+--------+--------+-----+--------+

Top non-repeatable levels by time:
     D:1: 1038 daAuts
     D:2: 1031 daAuts
     D:3: 351 daAuts
